 Dungeon Crawl Stone Soup version 0.31.0-11-ge490571c62 (webtiles) character file.

Game seed: 8602130228758399856

74 qw the Shooter (level 4, -2/25 HPs)
             Began as a Deep Elf Hunter on Feb 3, 2024.
             Killed by nerve-wracking pain
             ... invoked by an orc priest
              (3 damage)
             ... on level 3 of the Dungeon.
             The game lasted 00:00:07 (1795 turns).

qw the Shooter (Deep Elf Hunter)                    Turns: 1795, Time: 00:00:07

Health: -2/25      AC:  5    Str: 10    XL:     4   Next: 10%
Magic:  6/6        EV: 11    Int: 14    God:
Gold:   126        SH:  0    Dex: 18    Spells: 3/3 levels left

rFire   . . .        a - +0 shortbow
rCold   . . .        (shield currently unavailable)
rNeg    . . .        e - +0 ring mail
rPois   .            (no helmet)
rElec   .            (no cloak)
rCorr   .            (no gloves)
SInv    .            (no boots)
Will    .....        (no amulet)
Stlth   +            (no ring)
HPRegen 0.24/turn    (no ring)
MPRegen 0.10/turn

%: no passive effects
@: no status effects
A: no striking features
a: no special abilities


You were on level 3 of the Dungeon.
You visited 1 branch of the dungeon, and saw 3 of its levels.

You collected 126 gold pieces.


   Skills:
 - Level 1.5 Fighting
 + Level 7.5 Ranged Weapons
 - Level 2.4 Dodging
 - Level 1.2 Stealth


You had 3 spell levels left.
You didn't know any spells.
Your spell library was empty.

Inventory:

Hand Weapons
 a - a +0 shortbow (weapon)
Armour
 e - a +0 ring mail (worn)
Scrolls
 g - a scroll of enchant weapon {unknown}
 j - a scroll of vulnerability {unknown}
 k - a scroll of identify
Potions
 b - 2 potions of enlightenment
 c - a potion of brilliance {unknown}
 d - a potion of heal wounds {unknown}
 f - a potion of haste
 h - a potion of degeneration {unknown}
 i - a potion of resistance {unknown}
 l - a potion of mutation {unknown}
 m - a potion of lignification {unknown}
 n - a potion of curing {unknown}

Dungeon Overview and Level Annotations

Branches:
Dungeon (3/15)

Altars:
Cheibriados


Message History

You are no longer poisoned.
HP restored.
n - a puce potion An orc comes into view.
It is wielding a +0 trident.
Enter note: You shoot an arrow.
The arrow hits the orc.
The orc shouts!
The orc is moderately wounded.
You hear a shout!
You shoot an arrow. The arrow hits the orc!
You kill the orc!
An orc priest comes into view. It is wielding a +0 trident.
The orc priest mumbles some strange prayers to Beogh against you.
Beogh smites you!
Ouch! That really hurt!
1782 ||| FLEEEEING.
1783 ||| FLEEEEING.
The orc priest begins to cast a cantrip, but forgets the words!
1784 ||| FLEEEEING.
1785 ||| FLEEEEING.
1786 ||| FLEEEEING.
Found a small jade amulet.
You start resting.
An orc priest is nearby!
1788 ||| FLEEEEING.
You start resting.
An orc wizard comes into view. It is wielding a +0 dagger.
1790 ||| FLEEEEING.
You start resting.
An orc priest is nearby!
You shoot an arrow. The arrow hits the orc priest.
The orc priest is lightly wounded.
The orc priest invokes the aid of Beogh against you.
Beogh smites you!
Ouch! That really hurt!
You shoot an arrow.
The arrow hits the orc priest but does no damage.
The orc priest is lightly wounded.
The orc priest invokes the aid of Beogh against you.
Pain shoots through your body!
You die...

.###################
#.........##.........
##.........##"........
...........##$........
.....o.....##.@.......#
....$......##.........########
.......o....o.........+......
..)./......##.........#.....###
#.................[.#........
#............................
##..o..............#.........
#...##.............##.......
##.# #......#####..#.#......


You could see an orc priest.

Vanquished Creatures
  3 adders
  A ribbon worm (D:2)
  2 dart slugs
  An orc (D:3)
  5 endoplasms
  A giant cockroach (D:1)
  7 goblins
  5 hobgoblins (D:1)
  A quokka (D:2)
  3 ball pythons
  5 frilled lizards
  2 kobolds
  4 rats
40 creatures vanquished.

Notes
Turn   | Place    | Note
-------+----------+-------------------------------------------
     0 | D:1      | qw the Deep Elf Hunter began the quest for the Orb.
     0 | D:1      | Reached XP level 1. HP: 12/12 MP: 3/3
     0 | D:1      | 0 ||| qw: Version: 0.3-a-158-g18b3111
     0 | D:1      | 0 ||| qw: Game counter: 4269
     0 | D:1      | 0 ||| qw: Melee chars always use a shield: true
     0 | D:1      | 0 ||| qw: God list: Okawaru
     0 | D:1      | 0 ||| qw: Allow faded altars: false
     0 | D:1      | 0 ||| qw: Do Orc after clearing Dungeon:15 true
     0 | D:1      | 0 ||| qw: Do second Lair branch before Depths: true
     0 | D:1      | 0 ||| qw: Lair rune preference: random
     0 | D:1      | 0 ||| qw: Goals: Normal
     0 | D:1      | 0 ||| PLANNING D:1-11
   315 | D:1      | Reached skill level 6 in Ranged Weapons
   315 | D:1      | Reached XP level 2. HP: 16/16 MP: 4/4
   871 | D:1      | 871 ||| UPGRADING to +0 ring mail.
   881 | D:1      | 881 ||| DROPPING +0 leather armour.
   882 | D:1      | 882 ||| READING scroll labelled MEDICI OFIHEFYRO.
   882 | D:1      | 882 ||| IDENTIFYING yellow potion
   883 | D:1      | 883 ||| READING scroll labelled AROM GETI LIO.
   884 | D:1      | 884 ||| READING scroll labelled ZUGIMOGACU.
   885 | D:1      | 885 ||| READING scroll labelled BAUWKO YXOM.
   886 | D:1      | 886 ||| DROPPING scroll of butterflies.
   936 | D:2      | Reached XP level 3. HP: 13/20 MP: 5/5
  1060 | D:2      | Reached skill level 7 in Ranged Weapons
  1300 | D:2      | Found a faded altar of an unknown god.
  1419 | D:2      | 1419 ||| READING scroll of identify.
  1419 | D:2      | 1419 ||| IDENTIFYING red potion
  1420 | D:2      | 1420 ||| READING scroll labelled ZIYCAI ZIWEPPA.
  1508 | D:3      | Found a snail-covered altar of Cheibriados.
  1548 | D:3      | 1548 ||| FLEEEEING.
  1551 | D:3      | 1551 ||| FLEEEEING.
  1552 | D:3      | 1552 ||| FLEEEEING.
  1553 | D:3      | 1553 ||| FLEEEEING.
  1709 | D:3      | Reached XP level 4. HP: 16/25 MP: 6/6
  1782 | D:3      | 1782 ||| FLEEEEING.
  1783 | D:3      | 1783 ||| FLEEEEING.
  1784 | D:3      | 1784 ||| FLEEEEING.
  1785 | D:3      | 1785 ||| FLEEEEING.
  1786 | D:3      | 1786 ||| FLEEEEING.
  1788 | D:3      | 1788 ||| FLEEEEING.
  1790 | D:3      | 1790 ||| FLEEEEING.
  1794 | D:3      | HP: 1/25 [orc priest/divine providence (13)]
  1795 | D:3      | Killed from afar by an orc priest

Levels and vault maps discovered:
D:1:      kilobyte_arrival_exit_the_forest, layout_basic,
          roderic_serpentine_path
D:2:      layout_rooms, dilly_ecumenical_altar_fadedgnrine
D:3:      layout_basic, mainiacjoe_overflow_alcove_1,
          minmay_misc_feat_secret_circle, minmay_goblin_outpost

Skill      XL: |  1  2  3 |
---------------+----------+-----
Ranged Weapons | 6 7 |  7.5
Fighting       | |  1.5
Dodging        | |  2.4
Stealth        | |  1.2

Action                     |  1- 3 |  4- 6 || total
---------------------------+-------+-------++-------
   Fire: Shortbow          |   110 |     4 ||   114
    Use: Scroll            |     6 |       ||     6
 Armour: Ring mail         |    27 |       ||    27
  Dodge: Dodged            |    20 |       ||    20

Table legend:
 A = Non-vault XP
 B = Vault XP
 C = Vault XP percentage of total XP
 D = Non-vault monster count
 E = Vault monster count
 F = Vault count percentage of total count
                 A         B        C        D         E       F
            +---------+---------+-------+---------+---------+-------
      Total |      99 |       8 |   7.5 |      35 |       5 |  12.5
            +---------+---------+-------+---------+---------+-------
        D:1 |      29 |       0 |   0.0 |      19 |       0 |   0.0
        D:2 |      48 |       0 |   0.0 |      12 |       0 |   0.0
        D:3 |      22 |       8 |  26.7 |       4 |       5 |  55.6
            +---------+---------+-------+---------+---------+-------
